 Dungeon Crawl Stone Soup version 0.29.1-1-gd02db6906a (webtiles) character file.

Game seed: 10078623440756664114

596 LabCoat the Trooper (level 7, -20/62 HPs)
             Began as a Hill Orc Fighter on Oct 17, 2022.
             Was an Initiate of Trog.
             Killed from afar by Dowan (22 damage)
             ... with a shard of ice
             ... on level 4 of the Dungeon.
             The game lasted 00:14:42 (3882 turns).

LabCoat the Trooper (Hill Orc Fighter)              Turns: 3882, Time: 00:14:42

Health: -20/62     AC: 15    Str: 21    XL:     7   Next: 40%
Magic:  7/7        EV:  8    Int:  8    God:    Trog [......]
Gold:   292        SH:  4    Dex: 10    Spells: 6/6 levels left

rFire   . . .      SeeInvis .   a - +1 war axe
rCold   . . .      Faith    .   c - +0 buckler
rNeg    . . .      Spirit   .   e - +0 chain mail
rPois   .          Reflect  .   t - +2 helmet
rElec   .          Harm     .   b - +1 cloak
rCorr   .          Rampage  .   (no gloves)
Will    .....                   (no boots)
Stlth   ..........              (no amulet)
HPRegen 0.20/turn               (no ring)
MPRegen 0.10/turn               (no ring)

@: no status effects
A: no striking features
a: Renounce Religion


You were on level 4 of the Dungeon.
You worshipped Trog.
Trog was noncommittal.
You visited 2 branches of the dungeon, and saw 5 of its levels.

You collected 292 gold pieces.

Inventory:

Hand Weapons
 a - a +1 war axe (weapon)
 f - a +1 flail of protection
Missiles
 k - 3 boomerangs (quivered)
 r - 6 poisoned darts
Armour
 b - a +1 cloak (worn)
 c - a +0 buckler (worn)
 e - a +0 chain mail (worn)
 t - a +2 helmet (worn)
Wands
 m - a wand of flame (19)
Scrolls
 h - 2 scrolls of teleportation
 i - a scroll of enchant weapon
Potions
 d - a potion of might
 g - a potion of magic
 j - a potion of brilliance
 l - a potion of flight
 o - a potion of attraction


   Skills:
 * Level 5.7 Fighting
 * Level 5.3 Axes
 + Level 1.9 Throwing
 + Level 4.4 Armour
 + Level 1.9 Dodging
 + Level 4.2 Shields
 + Level 2.1 Evocations


You had 6 spell levels left.
You didn't know any spells.
Your spell library contained the following spells:

 Spells                   Type           Power      Damage    Failure   Level
 Static Discharge         Conj/Air       0%         3-3/arc   100%        2
 Dispel Undead            Necr           0%         3d6       100%        4
 Sticky Flame             Conj/Fire      0%         2d3       100%        4


Dungeon Overview and Level Annotations

Branches:
Dungeon (4/15)             Temple (1/1) D:4

Altars:
Ashenzari
Dithmenos
Gozag
Hepliaklqana
Kikubaaqudgha
Makhleb
Okawaru
Qazlal
Sif Muna
Trog
Uskayaw
Vehumet
Wu Jian
Xom
Yredelemnul
The Shining One

Shops:
D:1 ?=:   D:4 *

Annotations:
D:3 2 transporters, Winsalot's ghost, amateur GnFE
D:4 Dowan


Message History

Press: ? - help, Q - select action, (/) - cycle Shift-Dir - straight line, f/p - Dowan
Aim: Dowan, wielding a +0 dagger and wearing a +0 robe (severely wounded, fast, 46% to hit)
You throw a boomerang. The boomerang completely misses Dowan.
Dowan says, "Magic will overcome all!"
Dowan hits you but does no damage.
You miss Dowan.
Dowan is severely wounded.
You feel a little less mighty now.
Dowan says, "How can I live without her?"
Dowan casts a spell at you. The shard of ice hits you!
* * * LOW HITPOINT WARNING * * *
Dowan hits you but does no damage.
Blink to where?
Press: ? - help, Dir - move target, p - Dowan
As you read the scroll of blinking, it crumbles to dust.
Dowan mumbles some strange words.
Dowan blinks!
Dowan mumbles some strange words.
Dowan blinks!
Throw: 3 boomerangs
Press: ? - help, Q - select action, (/) - cycle Shift-Dir - straight line, f - Dowan
Aim: Dowan, wielding a +0 dagger and wearing a +0 robe (severely wounded, fast, 46% to hit)
You throw a boomerang.
The boomerang hits Dowan but does no damage.
Dowan is severely wounded.
Throw: 3 boomerangs
Press: ? - help, Q - select action, (/) - cycle Shift-Dir - straight line, f/p - Dowan
Aim: Dowan, wielding a +0 dagger and wearing a +0 robe (severely wounded, fast, 46% to hit)
You throw a boomerang. The boomerang barely misses Dowan.
Dowan says, "How can I live without her?"
Dowan casts a spell at you. The stone arrow hits you.
* * * LOW HITPOINT WARNING * * *
Blink to where?
Press: ? - help, Dir - move target, p - Dowan
As you read the scroll of blinking, it crumbles to dust.
Dowan casts a spell at you. The shard of ice hits you!!
You die...

##..........########.....##>#
####..#####.# ##......##.#
#....## #.# ##[..######.#
.#...# #.#####..### #.#
..#.## ####.#......# #.#
∩..#####......###..# #.#
..#.#....#..###...## #)#
.#..#<###..####.###########.#
#...#.###.###...@..e...§..#.#
##..............########..#.#
########.#.##### #.##.#
####.#.## #)##.# #.......#
#.##.# #.......# #####.##.#
###....[..# #.....##.#
##...##.#### #.....######.#
###..###..# ##.#### #>#


You could see Dowan (fast).

Vanquished Creatures
  Sigmund (D:4)
  Edmund (D:4)
  Duvessa (D:4)
  An iguana (D:4)
  An orc wizard (D:3)
  Robin (D:4)
  3 gnolls (D:3)
  3 adders
  A worm (D:2)
  A dart slug (D:3)
  8 orcs
  4 ball pythons
  5 endoplasms
  4 giant cockroaches
  20 goblins
  15 hobgoblins
  2 jackals (D:3)
  2 quokkas
  6 bats
  4 frilled lizards
  5 kobolds
  6 rats
95 creatures vanquished.

Vanquished Creatures (others)
  A plant (D:1)
1 creature vanquished.

Grand Total: 96 creatures vanquished

Notes
Turn   | Place    | Note
-------+----------+-------------------------------------------
     0 | D:1      | LabCoat the Hill Orc Fighter began the quest for the Orb.
     0 | D:1      | Reached XP level 1. HP: 19/19 MP: 1/1
   127 | D:1      | Found a faded altar of an unknown god.
   203 | D:1      | Found Wyeshreva's Magic Scroll Shop.
   271 | D:1      | Reached XP level 2. HP: 14/27 MP: 2/2
   691 | D:1      | Found Ofolue's Book Shoppe.
   735 | D:1      | Found Penlan's Jewellery Shoppe.
  1088 | D:2      | Reached XP level 3. HP: 33/33 MP: 3/3
  1792 | D:3      | Reached XP level 4. HP: 20/40 MP: 4/4
  1793 | D:3      | Reached skill level 1 in Evocations
  1989 | D:3      | Reached skill level 1 in Dodging
  1989 | D:3      | Reached XP level 5. HP: 20/47 MP: 5/5
  2207 | D:3      | Reached skill level 1 in Throwing
  2609 | D:3      | Found a transporter.
  2656 | D:3      | Found a shimmering blue altar of Sif Muna.
  2770 | D:3      | Noticed Winsalot's ghost (amateur GnFE)
  2775 | D:3      | Found a transporter.
  2992 | D:4      | Noticed Edmund
  3065 | D:4      | Noticed Robin
  3076 | D:4      | Killed Robin
  3139 | D:4      | Noticed Sigmund
  3156 | D:4      | Reached XP level 6. HP: 28/55 MP: 6/6
  3335 | D:4      | Killed Sigmund
  3336 | D:4      | Reached skill level 5 in Fighting
  3432 | D:4      | Killed Edmund
  3433 | D:4      | Reached skill level 5 in Axes
  3433 | D:4      | Reached XP level 7. HP: 50/61 MP: 7/7
  3515 | D:4      | Found Ucuw's General Store.
  3546 | D:4      | Found a staircase to the Ecumenical Temple.
  3562 | Temple   | Entered the Ecumenical Temple
  3713 | Temple   | Became a worshipper of Trog the Wrathful
  3840 | D:4      | Noticed Duvessa
  3840 | D:4      | Noticed Dowan
  3851 | D:4      | Killed Duvessa
  3881 | D:4      | HP: 2/62 [Dowan/stone arrow (5)]
  3882 | D:4      | Killed from afar by Dowan

Illustrated notes

Levels and vault maps discovered:
D:1:      nagdon_arrival_double_spiral, layout_loops_ring,
          chequers_ecumenical_altar_simple, serial_shops, shop, shop,
          nicolae_lakefront_shop, serial_bayou_crossing
D:2:      cheibrodos_greedy_goblins, layout_loops_cross, minmay_tromino_v7
D:3:      layout_basic, nicolae_overflow_hidden_temple,
          gammafunk_ghost_mausoleum
D:4:      layout_rooms, minmay_temple_entry_stoned_glass, serial_shops,
          nicolae_diamond_shop, kennysheep_dice, uniq_sigmund, uniq_edmund,
          uniq_robin, uniq_duvessa
Temple:   regret_index_temple_generic_petals

Skill      XL: |  1  2  3  4  5  6  7 |
---------------+----------------------+-----
Axes           | 3 4 5 |  5.3
Fighting       | 4 5 |  5.7
Evocations     | 1 2 |  2.1
Dodging        | 1 |  1.9
Throwing       | 1 |  1.9
Armour         | 4 |  4.4
Shields        | 4 |  4.2

Action                   |  1- 3 |  4- 6 |  7- 9 || total
-------------------------+-------+-------+-------++-------
Melee: War axe           |    95 |   128 |    26 ||   249
Throw: Dart              |     2 |     2 |       ||     4
       Boomerang         |       |    14 |     7 ||    21
  Use: Scroll            |     7 |     6 |     2 ||    15
       Potion            |       |     2 |     1 ||     3
Armor: Chain mail        |    45 |    85 |    25 ||   155
Dodge: Dodged            |    33 |    45 |     7 ||    85
Block: Buckler           |    25 |    26 |     2 ||    53
